AoeStats
← MeowMe

Arena

507456654Analyzed
4v4 RM · 13d ago on Sep 18, 2026· 10m 29s· 8 players
Game mode
Random Map
Map size
Large (8 player)
Population
200
Speed
Normal
Resources
Standard
Victory
Conquest
Starting age
Dark Age
Ending age
Imperial Age
RankedLock teamsTeams togetherTeam positionsShared explorationLock speedFull tech treeHidden civsTurbo modeCheats
Victory
Defeat
🇧🇾 Spanish · Belarus
1519
+14
🇷🇺 Koreans · Russia
1457
+16
🇬🇪 Slavs · Georgia
1438
+17
🇫🇷 Lithuanians · France
1424
+17
🇹🇼 Armenians · Taiwan
1470
-16
🇦🇷 Saracens · Argentina
1469
-16
🇨🇳 Hindustanis · China
1469
-16
🇨🇳 Teutons · China
1450
-16
逸丶然
5:41 Loom
8:30 Feudal Age
Mllento
10:13 Feudal Age
Imrik
696969
10:44 Feudal Age
OLADUSHEK
5:49 Loom
8:26 Feudal Age
9:19 Double-Bit Axe
SiraZaika
10:18 Feudal Age
Jambonbeurre
10:08 Feudal Age
MeowMe
11:14 Feudal Age
Connection lost

Rejoining the realm…

Still unreachable

The connection could not be restored.

Session expired

The server has moved on; the page needs a fresh start.